Tiramisu, chaotic male elven Priest ----- ---- `. --- |..|.- |..--- ....... |..--..... |....| -..............--- ---....-- ..(..............| ----.......| -..... -.......---- |...<..--..| -...............| |.....------ --........h....-- -.......| |*........@...| |......----.--- ----......h.--- --...-- |...| --......-- .... ---.--- -......| ----- |.^.| ........| ---.- ----.-..-- .. |...- -- ---> |. |. -- Tiramisu the Acolyte Experience level: 3 Strength: 13 Dexterity: 11 Constitution: 16 Intelligence: 10 Wisdom: 16 Charisma: 9 Health: 0(28) Energy: 39(39) Def: 3 Gold: 214 Moves: 1227 Dungeon seed: ZAThNO8HNRR3byoZ Game ID: Tiramisu_1615892080 Your Inventory: Coins $ - 214 gold pieces Weapons a - a blessed +1 mace (weapon in hand) j - a +0 bow l - 6 +0 darts Armor e - a +0 robe (being worn) n - a +0 small shield (being worn) r - a +0 studded leather armor z - a +0 scale mail Comestibles c - a clove of garlic d - 2 sprigs of wolfsbane k - 3 food rations Spellbooks f - a spellbook of cure blindness g - a spellbook of identify Potions b - 4 potions of holy water Rings m - a ring of poison resistance (on left hand) Tools h - a magic marker (0:34) i - a wooden harp Gems q - a worthless piece of black glass Spells and supernatural/magical abilities: Name Level Category Fail Memory B - cure blindness 2 healing 45% 94% I - identify 3 divination 92% 94% W - pray for help -- divine ? -- X - turn undead -- divine ? -- Your skills at the end: Fighting Skills Weapon Skills mace [Basic] Spellcasting Skills clerical spells [Basic] Final Attributes: You were piously aligned. You were poison resistant. You had infravision. You are dead. Vanquished creatures: an iguana an acid blob a large kobold 2 cave spiders a yellow mold a green mold 2 gnomes a gnome zombie a gecko 2 jackals a kobold a goblin 7 grid bugs 6 lichens 2 newts 30 creatures vanquished. Voluntary challenges: You used a wielded weapon 28 times, starting on turn 66. You were illiterate. You never genocided any monsters. You never polymorphed an object. You never changed form. You used no wishes. You never split a pudding. You never wrote Elbereth's name. You never violated your personal moral code. Dungeon overview: The Dungeons of Doom: levels 1 to 3 Level 1 a long staircase Level 2 some fountains Level 3 a sink stairs to The Gnomish Mines The Gnomish Mines: Level 4 <- You were here stairs to The Dungeons of Doom History has recorded: On T:1 you entered the Dungeons of Doom to retrieve the Amulet of Yendor! On T:371 you reached level 2 of The Dungeons of Doom. On T:434 you advanced to experience level 2. On T:657 you advanced to experience level 3. On T:691 you reached level 3 of The Dungeons of Doom. On T:1189 you reached level 1 of The Gnomish Mines. Score breakdown: Gold: 214 ( 7934 points) Experience: 3 levels ( 7878 points) Exploration: 4 levels ( 8.16%) ( 7500 points) Discoveries: 1 item ( 0.35%) ( 1773 points) Valuables value: (no points given unless you survive) Artifact value: 0 ( 0 points) Variety of kills: 15 monsters ( 3.94%) ( 5952 points) Turncount: 1227 turns ( 0 points) Survival: died (score multiplied by 80%) Total score: 24829 Latest messages: The dwarf hits! You miss the dwarf. The gnome zombie hits! You miss the dwarf. The dwarf swings her pick-axe. The dwarf hits! The dwarf wields a broad pick! You begin praying to Poseidon. You are surrounded by a shimmering light. The gnome zombie starts to attack you, but pulls back. The dwarf starts to attack you, but pulls back. (2x) The gnome zombie starts to attack you, but pulls back. You feel that Poseidon is well-pleased. You feel much better. You miss the gnome zombie. The dwarf swings her pick-axe. The dwarf hits! The dwarf swings her broad pick. The dwarf hits! You destroy the gnome zombie! The dwarf swings her pick-axe. The dwarf just misses! The dwarf swings her broad pick. The dwarf hits! You die... Final status: Goodbye Tiramisu the Priest, killed by a dwarf... You died in The Gnomish Mines on dungeon level 4 with 24829 points, and 214 pieces of gold, after 1227 moves. You were level 3 with a maximum of 28 hit points when you died.